 Dungeon Crawl Stone Soup version 0.27.0-1-g7a089689b8 (webtiles) character file.

Game seed: 15779302200987190533

105 hatdisgam the Chucker (level 4, -1/41 HPs)
             Began as an Ogre Arcane Marksman on Aug 6, 2021.
             Slain by a quokka (2 damage)
             ... summoned by Eustachio
             ... on level 4 of the Dungeon.
             The game lasted 00:04:52 (4522 turns).

hatdisgam the Chucker (Ogre Arcane Marksman)        Turns: 4522, Time: 00:04:53

Health: -1/41      AC:  4    Str: 15    XL:     4   Next: 83%
Magic:  5/5        EV:  9    Int: 14    God:
Gold:   159        SH:  0    Dex:  9    Spells: 4/5 levels left

rFire    . . .     SeeInvis .   d - +0 flail
rCold    . . .     Faith    .   (no shield)
rNeg     . . .     Spirit   .   a - +0 robe
rPois    .         Reflect  .   (helmet restricted)
rElec    .         Harm     .   m - +0 cloak
rCorr    .         Rampage  .   (gloves unavailable)
Will     .....                  (boots unavailable)
Stlth    +.........             (no amulet)
HPRegen  0.13/turn              (no ring)
MPRegen  0.09/turn              (no ring)

@: lit by a corona, glowing
A: large, unfitting armour, tough skin 1
a: no special abilities


You were on level 4 of the Dungeon.
You visited 1 branch of the dungeon, and saw 4 of its levels.

You collected 159 gold pieces.

Inventory:

Hand Weapons
 d - a +0 flail (weapon)
 f - a +0 whip
Missiles
 b - 3 large rocks (quivered)
 c - 2 throwing nets
 g - 37 stones
 p - 6 silver javelins
 s - 15 poisoned darts
 x - 2 silver boomerangs
Armour
 a - a +0 robe (worn)
 e - a scarf of harm
 j - a scarf of invisibility
 m - a +0 cloak (worn)
Jewellery
 n - a +4 ring of protection
Wands
 y - a wand of paralysis (11)
Scrolls
 h - a scroll of identify {unknown}
 i - 5 scrolls of teleportation {unknown}
 k - a scroll of acquirement {unknown}
 q - a scroll of immolation {unknown}
 r - a scroll of fog {unknown}
 v - a scroll of enchant weapon {unknown}
Potions
 l - 2 potions of heal wounds {unknown}
 o - 2 potions of mutation {unknown}
 t - a potion of flight {unknown}
 u - a potion of brilliance {unknown}
 w - a potion of might {unknown}
 z - a potion of invisibility {unknown}
 A - a potion of haste {unknown}


   Skills:
 - Level 1.3 Fighting
 * Level 2.8 Maces & Flails
 + Level 3.4 Throwing
 - Level 1.7 Dodging
 - Level 1.2 Spellcasting
 - Level 2.6 Hexes


You had 4 spell levels left.
You knew the following spells:

 Your Spells              Type           Power      Damage    Failure   Level
a - Corona                Hex            8%         N/A       9%          1

Your spell library contained the following spells:

 Spells                   Type           Power      Damage    Failure   Level
 Slow                     Hex            8%         N/A       13%         2
 Inner Flame              Hex/Fire       4%         N/A       41%         3
 Portal Projectile        Hex/Tloc       8%         N/A       41%         3
 Call Canine Familiar     Summ           0%         N/A       61%         3
 Cause Fear               Hex            4%         N/A       65%         4
 Leda's Liquefaction      Hex/Erth       2%         N/A       83%         4


Dungeon Overview and Level Annotations

Branches:
Dungeon (4/15)
 Temple: D:4-7

Altars:
Nemelex Xobeh

Annotations:
D:3 Grinder
D:4 Eustachio, Sigmund


Innate Abilities, Weirdness & Mutations

You are too large for most types of armour.
You have tough skin. (AC +1)


Message History

Level annotation: Sigmund
There is a stone staircase leading up here.
The gnoll shaman calls upon its god to speed up the gnoll.
The gnoll seems to speed up.
Found 13 gold pieces.
Found 8 gold pieces.
The gnoll shaman mumbles some strange prayers to its god against you.
You are outlined in light.
A howler monkey zombie comes into view.
Eustachio the Magnificent comes into view.
He is wielding a +0 falchion.
Eustachio shouts!
Eustachio moves out of view.
A water moccasin skeleton comes into view.
Eustachio screams, "At last I'll have my revenge!"
Eustachio casts a spell.
Found a ring mail.
The bat closely misses you.
Eustachio gestures wildly while chanting.
The river rat disappears in a puff of smoke!
The quokka disappears in a puff of smoke!
The bat hits you.
* * * LOW HITPOINT WARNING * * *
The bat hits you but does no damage. x2
The water moccasin skeleton barely misses you.
The bat hits you but does no damage.
Eustachio gestures wildly while chanting.
Eustachio blinks!
The gnoll hits you from afar with a +0 spear.
* * * LOW HITPOINT WARNING * * *
Found 11 gold pieces.
The bat hits you but does no damage. x2
The water moccasin skeleton bites you but does no damage.
Found an escape hatch in the ceiling.
Unknown command.
The bat hits you but does no damage. Eustachio hits you with a +0 falchion!
* * * LOW HITPOINT WARNING * * *
You hit the bat.
The bat is severely wounded.
The bat closely misses you. x2; The bat misses you.
The quokka bites you.
You die...

#. #.. ######g
#...≈ #......
#.... #.#####
##.⌠. #@#####
###.... #......
.....########
#..###.
#.@.b......
#..#...
.######Zb@b....<.
#..#.#.
........r########
#......
####..g###
#.##.##
.....[....#
##....#
#.###.###g#
##.[...## # #.
#.# #....(..#
#.###. #.#
#....@..#
......###Z###
#.......#
..........$.#
##.....##


You could see Eustachio, a gnoll (fast), a quokka (summoned), 3 bats and a water
moccasin skeleton.

Vanquished Creatures
  3 gnolls (D:2)
  2 adders
  2 worms
  A dart slug (D:4)
  5 orcs (D:3)
  6 endoplasms
  3 giant cockroaches
  2 hobgoblins
  3 jackals (D:1)
  A quokka (D:2)
  4 ball pythons
  4 frilled lizards
  4 goblins
  2 kobolds
  4 rats
46 creatures vanquished.

Notes
Turn   | Place    | Note
-------+----------+-------------------------------------------
     0 | D:1      | hatdisgam the Ogre Arcane Marksman began the quest for the
                  | Orb.
     0 | D:1      | Reached XP level 1. HP: 19/19 MP: 2/2
   645 | D:1      | Reached XP level 2. HP: 24/27 MP: 3/3
   744 | D:1      | Found a faded altar of an unknown god.
  1002 | D:2      | Reached skill level 1 in Maces & Flails
  1021 | D:2      | Reached XP level 3. HP: 33/33 MP: 4/4
  1212 | D:2      | Reached skill level 3 in Throwing
  1588 | D:2      | Reached XP level 4. HP: 41/41 MP: 5/5
  2599 | D:3      | Found a sparkling altar of Nemelex Xobeh.
  3763 | D:4      | Noticed Grinder
  3991 | D:4      | Paralysed by Grinder for 3 turns
  4426 | D:4      | Noticed Sigmund
  4496 | D:3      | Paralysed by Grinder for 6 turns
  4516 | D:4      | Noticed Eustachio
  4521 | D:4      | HP: 1/41 [Eustachio (8)]
  4522 | D:4      | Slain by a quokka

Illustrated notes

Levels and vault maps discovered:
D:1:      scummos_arrival_hexagon, layout_rooms,
          shapermc_ecumenical_altar_hornbeckon, minmay_misc_feat_pillars,
          serial_bayou_crossing
D:2:      layout_rooms, hex_large, grunt_ministairs_14, kennysheep_path_1
D:3:      layout_basic, lemuel_tele_altar, serial_co_window_serial,
          co_window_corner_a, co_window_paths_b, co_window_paths_a,
          co_window_of_opportunity_a, co_window_paths_a, co_window_2corner,
          co_window_corner_ca, co_window_of_opportunity_b,
          co_window_unsneaky_path_a, co_window_corner_b, co_window_broadway_c
D:4:      layout_loops_ring, kiku_gazebo_pond_becter,
          mainiacjoe_overflow_alcove_1, uniq_eustachio, uniq_sigmund,
          uniq_grinder

Skill      XL: |  1  2  3 |
---------------+----------+-----
Maces & Flails | 1 2 |  2.8
Throwing       | 3 |  3.4
Fighting       | |  1.3
Dodging        | |  1.7
Spellcasting   | |  1.2
Hexes          | |  2.6

Action                   |  1- 3 |  4- 6 || total
-------------------------+-------+-------++-------
Melee: Unarmed           |    19 |       ||    19
       Whip              |    72 |     6 ||    78
       Flail             |       |    62 ||    62
Throw: Large rock        |     3 |     8 ||    11
       Javelin           |     2 |     4 ||     6
       Stone             |       |     3 ||     3
 Stab: Sleeping          |     1 |       ||     1
Armor: Robe              |    30 |    24 ||    54
Dodge: Dodged            |    48 |    45 ||    93
